IL
RENO ACES @ LEHIGH VALLEY IRONPIGS
05/17/2047
 
TOP OF THE 1ST
Reno Aces batting - Pitching for Lehigh Valley IronPigs : RHP Alard Kraaijeveld
Pitching: RHP Alard Kraaijeveld
Batting: RHB Ji-an Li 0-0: Fly out, F8 (Flyball, 8RXD, EV 108.1 MPH)
Batting: RHB Chris Stillions 0-0: Foul Ball, location: 2F
0-1: Swinging Strike
0-2: Ball
1-2: Ball
2-2: Foul Ball, location: 2F
2-2: SINGLE (Line Drive, 6D, EV 100.6 MPH)
Batting: LHB Bobby Arevalo 0-0: Ball
1-0: Swinging Strike
1-1: Called Strike
1-2: Foul Ball, location: 2F
1-2: Strikes out looking
Batting: SHB Johnny Diaz 0-0: Ball
1-0: Swinging Strike
1-1: Foul Ball, location: 2F
1-2: Reached on error, E6 (Groundball, 6, EV 101.2 MPH)
Chris Stillions to second
Batting: LHB Kevin Ferguson 0-0: Fielders Choice at 2nd, 6-4 (Groundball, 6, EV 103.8 MPH)
Top of the 1st over - 0 runs, 1 hit, 1 error, 2 left on base; Reno 0 - Lehigh Valley 0
BOTTOM OF THE 1ST
Lehigh Valley IronPigs batting - Pitching for Reno Aces : RHP Preston Larson
Pitching: RHP Preston Larson
Batting: RHB Joe Smack 0-0: Ground out 5-3 (Groundball, 5S, EV 70.0 MPH)
Batting: RHB Alberto Ramirez 0-0: Ball
1-0: Foul Ball, location: 2F
1-1: Swinging Strike
1-2: Ball
2-2: Foul Ball, location: 2F
2-2: SINGLE (Line Drive, 7LM, EV 103.8 MPH)
Batting: RHB Quintin Parker 0-0: Ball
1-0: Ball
2-0: Foul Ball, location: 2F
2-1: Swinging Strike
2-2: Grounds into double play, 5-4-3 (Groundball, 5, EV 86.2 MPH)
Bottom of the 1st over - 0 runs, 1 hit, 0 errors, 0 left on base; Reno 0 - Lehigh Valley 0
TOP OF THE 2ND
Reno Aces batting - Pitching for Lehigh Valley IronPigs : RHP Alard Kraaijeveld
Batting: RHB Seth Tramontano 0-0: Ball
1-0: Swinging Strike
1-1: Ball
2-1: Ball
3-1: Swinging Strike
3-2: Strikes out looking
Batting: LHB Steve Reinhart 0-0: SINGLE (Groundball, 4MD, EV 100.0 MPH)
Batting: RHB Marlon Reda 0-0: Ball
1-0: Called Strike
1-1: Ball
2-1: Ball
3-1: Foul Ball, location: 2F
3-2: Strikes out swinging
Steve Reinhart is caught stealing 2nd base 2-4
Batter strikes out.
Top of the 2nd over - 0 runs, 1 hit, 0 errors, 0 left on base; Reno 0 - Lehigh Valley 0
BOTTOM OF THE 2ND
Lehigh Valley IronPigs batting - Pitching for Reno Aces : RHP Preston Larson
Batting: RHB Jesus Galvan 0-0: Ball
1-0: Ball
2-0: Swinging Strike
2-1: Swinging Strike
2-2: SINGLE (Flyball, 8LM, EV 92.5 MPH)
Batting: LHB Jose Carlos 0-0: Swinging Strike
0-1: Ball
1-1: SINGLE (Line Drive, 78M, EV 91.9 MPH)
Jesus Galvan to second
Batting: LHB Mike Davis 0-0: Called Strike
0-1: Ball
1-1: Foul Ball, location: 2F
1-2: Foul Ball, location: 2F
1-2: Strikes out swinging
Batting: LHB Theodore Conboy 0-0: Called Strike
Jesus Galvan is caught stealing 3rd base 2-5
Jose Carlos to second
0-1: Foul Ball, location: 2F
0-2: Foul Ball, location: 2F
0-2: Ball
1-2: Ball
2-2: Ball
3-2: Foul Ball, location: 2F
3-2: Ground out 4-3 (Groundball, 34, EV 108.8 MPH)
Bottom of the 2nd over - 0 runs, 2 hits, 0 errors, 1 left on base; Reno 0 - Lehigh Valley 0
TOP OF THE 3RD
Reno Aces batting - Pitching for Lehigh Valley IronPigs : RHP Alard Kraaijeveld
Batting: RHB Danny Gerardo 0-0: Ball
1-0: Foul Ball, location: 2F
1-1: Ball
2-1: SINGLE (Groundball, 6S, EV 66.9 MPH) (infield hit)
Batting: RHB Ji-an Li 0-0: SINGLE (Groundball, 6, EV 104.4 MPH)
Danny Gerardo to second
Batting: RHB Chris Stillions 0-0: Foul Ball, location: 2F
0-1: Ball
1-1: Reached on error, E4 (Groundball, 4M, EV 81.2 MPH)
Danny Gerardo to third
Ji-an Li to second
Batting: LHB Bobby Arevalo 0-0: Reached on error, E6 (Groundball, 6M, EV 83.1 MPH)
Danny Gerardo scores
Ji-an Li scores
Chris Stillions to third
Batting: SHB Johnny Diaz 0-0: Ball
1-0: Swinging Strike
1-1: Swinging Strike
1-2: Strikes out swinging
Batting: LHB Kevin Ferguson 0-0: Called Strike
0-1: SINGLE (Groundball, 56D, EV 105.6 MPH) (infield hit)
Chris Stillions scores
Bobby Arevalo to third
Batting: RHB Seth Tramontano 0-0: Swinging Strike
0-1: Fly out, F7 (Flyball, 7D, EV 88.1 MPH)
Runner from 3rd tags up, SCORES, throw by LF
Batting: LHB Steve Reinhart 0-0: Called Strike
0-1: Foul Ball, location: 2F
0-2: Ball
1-2: Strikes out looking
Top of the 3rd over - 4 runs, 3 hits, 2 errors, 1 left on base; Reno 4 - Lehigh Valley 0
BOTTOM OF THE 3RD
Lehigh Valley IronPigs batting - Pitching for Reno Aces : RHP Preston Larson
Batting: SHB Benjamin Brown 0-0: Swinging Strike
0-1: Called Strike
0-2: Ball
1-2: Foul Ball, location: 2F
1-2: SINGLE (Line Drive, 78S, EV 98.8 MPH)
Batting: RHB Moritake Fukumoto 0-0: Ball
1-0: Ball
2-0: Swinging Strike
2-1: Fly out, F8 (Line Drive, 78D, EV 91.2 MPH)
Batting: RHB Joe Smack 0-0: Ball
Benjamin Brown steals 2nd base
1-0: Ball
2-0: Ball
3-0: Base on Balls
Batting: RHB Alberto Ramirez 0-0: Called Strike
0-1: Foul Ball, location: 2F
0-2: Ball
1-2: Foul Ball, location: 2F
1-2: Ball
2-2: Foul Ball, location: 2F
2-2: Strikes out swinging
Batting: RHB Quintin Parker 0-0: Called Strike
0-1: Called Strike
0-2: Ball
1-2: Strikes out looking
Bottom of the 3rd over - 0 runs, 1 hit, 0 errors, 2 left on base; Reno 4 - Lehigh Valley 0
TOP OF THE 4TH
Reno Aces batting - Pitching for Lehigh Valley IronPigs : RHP Alard Kraaijeveld
Batting: RHB Marlon Reda 0-0: Ball
1-0: Foul Ball, location: 2F
1-1: Ball
2-1: Foul Ball, location: 2F
2-2: Foul Ball, location: 2F
2-2: Ball
3-2: Strikes out looking
Batting: RHB Danny Gerardo 0-0: Ball
1-0: Called Strike
1-1: Called Strike
1-2: Fly out, F7 (Line Drive, 7S, EV 89.4 MPH)
Batting: RHB Ji-an Li 0-0: Ball
1-0: Foul Ball, location: 2F
1-1: Ball
2-1: Ball
3-1: Foul Ball, location: 2F
3-2: Ground out 4-3 (Groundball, 4M, EV 87.5 MPH)
Top of the 4th over - 0 runs, 0 hits, 0 errors, 0 left on base; Reno 4 - Lehigh Valley 0
BOTTOM OF THE 4TH
Lehigh Valley IronPigs batting - Pitching for Reno Aces : RHP Preston Larson
Batting: RHB Jesus Galvan 0-0: Ball
1-0: Foul Ball, location: 2F
1-1: Ball
2-1: Ball
3-1: Base on Balls
Batting: LHB Jose Carlos 0-0: Ball
1-0: Swinging Strike
1-1: Ball
2-1: Foul Ball, location: 2F
2-2: Foul Ball, location: 2F
2-2: Foul Ball, location: 2F
2-2: Strikes out looking
Batting: LHB Mike Davis 0-0: Called Strike
0-1: Called Strike
Jesus Galvan is caught stealing 2nd base 2-6
0-2: Ball
1-2: Strikes out swinging
Bottom of the 4th over - 0 runs, 0 hits, 0 errors, 0 left on base; Reno 4 - Lehigh Valley 0
TOP OF THE 5TH
Reno Aces batting - Pitching for Lehigh Valley IronPigs : RHP Alard Kraaijeveld
DELAY Rain delay of 98 minutes in the 5th inning.
Pitching: RHP Marcos Tapia
Batting: RHB Chris Stillions 0-0: Foul Ball, location: 2F
0-1: Swinging Strike
0-2: Foul Ball, location: 2F
0-2: Ball
1-2: Ball
2-2: Hit by Pitch
Batting: LHB Bobby Arevalo 0-0: Ball
1-0: Ball
2-0: Ball
3-0: Base on Balls
Chris Stillions to second
Batting: SHB Johnny Diaz 0-0: Ball
1-0: Called Strike
1-1: Ball
2-1: Ball
3-1: Called Strike
3-2: SINGLE (Line Drive, 7LS, EV 108.1 MPH)
Chris Stillions to third
Bobby Arevalo to second
Batting: LHB Kevin Ferguson 0-0: Called Strike
0-1: Ball
1-1: Called Strike
1-2: Foul Ball, location: 2F
1-2: Ball
2-2: Ball
3-2: Foul Ball, location: 2F
3-2: Base on Balls
Chris Stillions scores
Bobby Arevalo to third
Johnny Diaz to second
Batting: RHB Seth Tramontano 0-0: Ball
1-0: Foul Ball, location: 2F
1-1: Foul Ball, location: 2F
1-2: Ball
2-2: Fly out, F9 (Line Drive, 9, EV 102.5 MPH)
Runner from 3rd tags up, OUT at HOME! 9-2
Johnny Diaz to third
Kevin Ferguson to second
Batting: LHB Steve Reinhart 0-0: Ball
1-0: Foul Ball, location: 2F
1-1: Foul Ball, location: 2F
1-2: Fly out, F5 (Popup, 5F, EV 68.8 MPH)
Top of the 5th over - 1 run, 1 hit, 0 errors, 2 left on base; Reno 5 - Lehigh Valley 0
BOTTOM OF THE 5TH
Lehigh Valley IronPigs batting - Pitching for Reno Aces : RHP Preston Larson
Pitching: RHP Chad Toms
Batting: LHB Theodore Conboy 0-0: Ball
1-0: Called Strike
1-1: Ground out U3 (Groundball, 3S, EV 87.5 MPH)
Batting: SHB Benjamin Brown 0-0: Ball
1-0: Swinging Strike
1-1: Called Strike
1-2: Strikes out swinging
Batting: RHB Moritake Fukumoto 0-0: Ball
1-0: Ground out U3 (Groundball, 34S, EV 71.2 MPH)
Bottom of the 5th over - 0 runs, 0 hits, 0 errors, 0 left on base; Reno 5 - Lehigh Valley 0
TOP OF THE 6TH
Reno Aces batting - Pitching for Lehigh Valley IronPigs : RHP Marcos Tapia
Batting: RHB Marlon Reda 0-0: Ball
1-0: Ball
2-0: Ball
3-0: Called Strike
3-1: Foul Ball, location: 2F
3-2: DOUBLE (Line Drive, 78D, EV 99.4 MPH)
Batting: RHB Danny Gerardo 0-0: Ball
1-0: Ball
2-0: Ball
3-0: Base on Balls
Batting: RHB Ji-an Li 0-0: Called Strike
0-1: Ball
1-1: Ball
2-1: Called Strike
2-2: Ball
3-2: Foul Ball, location: 2F
3-2: Foul Ball, location: 2F
3-2: Base on Balls
Marlon Reda to third
Danny Gerardo to second
Pitching: LHP Wil Diaz
Batting: RHB Chris Stillions 0-0: Ball
1-0: Called Strike
1-1: Swinging Strike
1-2: Ball
2-2: Foul Ball, location: 2F
2-2: SINGLE (Line Drive, 9LS, EV 103.8 MPH)
Marlon Reda scores
Danny Gerardo to third
Ji-an Li to second
Runner from 3rd tries for Home, SAFE, throw by RF to home
Batting: LHB Bobby Arevalo 0-0: Called Strike
0-1: Ball
1-1: Ball
2-1: Swinging Strike
2-2: SINGLE (Groundball, 34D, EV 97.5 MPH)
Ji-an Li to third
Chris Stillions to second
Batting: SHB Johnny Diaz 0-0: Foul Ball, location: 2F
0-1: Fielders Choice at 2nd, 6-4 (Groundball, 6, EV 90.0 MPH)
Ji-an Li scores
Chris Stillions to third
Batting: LHB Kevin Ferguson 0-0: Called Strike
0-1: Ball
1-1: Ball
2-1: Swinging Strike
2-2: Fly out, F9 (Flyball, 9S, EV 78.8 MPH)
Batting: RHB Seth Tramontano 0-0: Ball
1-0: Ball
2-0: Called Strike
2-1: Called Strike
2-2: Ball
3-2: Base on Balls
Johnny Diaz to second
Batting: LHB Steve Reinhart 0-0: Swinging Strike
0-1: Ball
1-1: Foul Ball, location: 2F
1-2: Ball
2-2: Ground out 3-1 (Groundball, 34S, EV 68.8 MPH)
Top of the 6th over - 3 runs, 3 hits, 0 errors, 3 left on base; Reno 8 - Lehigh Valley 0
BOTTOM OF THE 6TH
Lehigh Valley IronPigs batting - Pitching for Reno Aces : RHP Chad Toms
Batting: RHB Joe Smack 0-0: Called Strike
0-1: Ball
1-1: Swinging Strike
1-2: Ground out 5-3 (Groundball, 56S, EV 88.1 MPH)
Batting: RHB Alberto Ramirez 0-0: Swinging Strike
0-1: Ball
1-1: DOUBLE (Line Drive, 3D, EV 95.6 MPH)
Batting: RHB Quintin Parker 0-0: Swinging Strike
0-1: Ground out 5-3 (Groundball, 5, EV 110.0 MPH)
Batting: RHB Jesus Galvan 0-0: Called Strike
0-1: Ball
1-1: SINGLE (Groundball, 6MS, EV 69.4 MPH) (infield hit)
Alberto Ramirez to third
Batting: LHB Jose Carlos 0-0: Foul Ball, location: 2F
0-1: Called Strike
0-2: Foul Ball, location: 2F
0-2: Ball
1-2: Strikes out swinging
Bottom of the 6th over - 0 runs, 2 hits, 0 errors, 2 left on base; Reno 8 - Lehigh Valley 0
TOP OF THE 7TH
Reno Aces batting - Pitching for Lehigh Valley IronPigs : LHP Wil Diaz
Batting: RHB Marlon Reda 0-0: Called Strike
0-1: Fly out, F9 (Flyball, 9D, EV 86.2 MPH)
Pinch Hitting: RHB Jose Sisneros 0-0: Ball
1-0: Called Strike
1-1: Ball
2-1: Ground out U3 (Groundball, 34, EV 98.8 MPH)
Pinch Hitting: RHB R.J. Anchondo 0-0: Called Strike
0-1: Ball
1-1: Foul Ball, location: 2F
1-2: Ground out 4-3 (Groundball, 4MD, EV 105.0 MPH)
Top of the 7th over - 0 runs, 0 hits, 0 errors, 0 left on base; Reno 8 - Lehigh Valley 0
BOTTOM OF THE 7TH
Lehigh Valley IronPigs batting - Pitching for Reno Aces : RHP Chad Toms
Now at 2B: Jose Sisneros
Now at SS: Steve Reinhart
Now in CF: R.J. Anchondo
Batting: LHB Mike Davis 0-0: Called Strike
0-1: Ball
1-1: Foul Ball, location: 2F
1-2: Strikes out swinging
Pinch Hitting: RHB John Manocchio 0-0: Ball
1-0: Ball
2-0: Swinging Strike
2-1: Ball
3-1: Foul Ball, location: 2F
3-2: Strikes out swinging
Batting: SHB Benjamin Brown 0-0: Foul Ball, location: 2F
0-1: Ball
1-1: Foul Ball, location: 2F
1-2: Ball
2-2: Strikes out swinging
Bottom of the 7th over - 0 runs, 0 hits, 0 errors, 0 left on base; Reno 8 - Lehigh Valley 0
TOP OF THE 8TH
Reno Aces batting - Pitching for Lehigh Valley IronPigs : LHP Wil Diaz
Now at 1B: John Manocchio
Batting: RHB Chris Stillions 0-0: Ball
1-0: Foul Ball, location: 2F
1-1: Foul Ball, location: 2F
1-2: Fly out, F7 (Line Drive, 7S, EV 88.8 MPH)
Pitching: RHP Ron Riley
Batting: LHB Bobby Arevalo 0-0: Called Strike
0-1: Swinging Strike
0-2: Strikes out swinging
Pinch Hitting: RHB Aaron Trotman 0-0: DOUBLE (Line Drive, 9LM, EV 112.5 MPH)
Pinch Hitting: RHB Edgar Garcia 0-0: Called Strike
0-1: Ball
1-1: Ball
2-1: Fly out, F7 (Flyball, 7S, EV 93.8 MPH)
Top of the 8th over - 0 runs, 1 hit, 0 errors, 1 left on base; Reno 8 - Lehigh Valley 0
BOTTOM OF THE 8TH
Lehigh Valley IronPigs batting - Pitching for Reno Aces : RHP Chad Toms
Now at 1B: Bobby Arevalo
Now at 3B: Edgar Garcia
Now in LF: Aaron Trotman
Now in RF: Seth Tramontano
Batting: RHB Moritake Fukumoto 0-0: Foul Ball, location: 2F
0-1: Fly out, F6 (Flyball, 6D, EV 86.2 MPH)
Batting: RHB Joe Smack 0-0: Fly out, F8 (Flyball, 8RM, EV 77.5 MPH)
Batting: RHB Alberto Ramirez 0-0: Ball
1-0: Called Strike
1-1: Swinging Strike
1-2: Fly out, F7 (Flyball, 78S, EV 90.6 MPH)
Bottom of the 8th over - 0 runs, 0 hits, 0 errors, 0 left on base; Reno 8 - Lehigh Valley 0
TOP OF THE 9TH
Reno Aces batting - Pitching for Lehigh Valley IronPigs : RHP Ron Riley
Batting: RHB Seth Tramontano 0-0: Called Strike
0-1: Ball
1-1: SOLO HOME RUN (Line Drive, 7D, EV 96.2 MPH), Distance : 395 ft
Batting: LHB Steve Reinhart 0-0: Ball
1-0: Fly out, F8 (Flyball, 8LM, EV 91.9 MPH)
Pinch Hitting: SHB John Cummings 0-0: Ball
1-0: Fly out, F7 (Flyball, 7LM, EV 80.0 MPH)
Batting: RHB Jose Sisneros 0-0: Ball
1-0: SINGLE (Groundball, 6MD, EV 110.0 MPH)
Batting: RHB R.J. Anchondo 0-0: Called Strike
0-1: Ball
1-1: Fly out, F9 (Flyball, 9S, EV 86.2 MPH)
Top of the 9th over - 1 run, 2 hits, 0 errors, 1 left on base; Reno 9 - Lehigh Valley 0
BOTTOM OF THE 9TH
Lehigh Valley IronPigs batting - Pitching for Reno Aces : RHP Chad Toms
Now at C: John Cummings
Batting: RHB Quintin Parker 0-0: Ball
1-0: SINGLE (Flyball, 78M, EV 88.1 MPH)
Batting: RHB Jesus Galvan 0-0: Swinging Strike
0-1: Called Strike
0-2: Ball
1-2: Foul Ball, location: 2F
1-2: Ball
2-2: Foul Ball, location: 2F
2-2: Foul Ball, location: 2F
2-2: Strikes out swinging
Pitching: RHP Jody Hood
Batting: LHB Jose Carlos 0-0: Ball
1-0: Swinging Strike
1-1: Fielders Choice at 2nd, 4-6 (Groundball, 4, EV 89.4 MPH)
Batting: LHB Mike Davis 0-0: Called Strike
0-1: Ball
1-1: Swinging Strike
1-2: Ball
2-2: Ball
3-2: Strikes out looking
Bottom of the 9th over - 0 runs, 1 hit, 0 errors, 1 left on base; Reno 9 - Lehigh Valley 0
Thursday, December 15th , 2022 - OOTP Baseball 23.9 Build 102